Map: [ESL] Cosmic Sapphire

Players

MaNa - Winner!

  • Race: Protoss Protoss
  • Spawn Location: 5:00

Lambo

  • Race: Zerg Zerg
  • Spawn Location: 11:00

Event: DreamHack SC2 Masters 2022 Atlanta (Online)

VOD

Have the link to the VOD?

Description

Time

  • Played on: Sept. 28, 2022, 11:32 a.m.
  • Length: 13:31

All games in this series

Show
View Real Time Build Order
Export as new Build Order

MaNa Protoss - Winner!

Build Orders: 1 Gate Expand, Oracle Opening 

Get SALT Encoding   

  12  0:00  Probe  
  13  0:12  Probe  
  14  0:20  Pylon  
  14  0:24  Probe  
  15  0:38  Probe (Chrono Boost)  
  16  0:46  Gateway, Probe (Chrono Boost)  
  17  0:51  Assimilator  
  17  0:52  Probe (Chrono Boost)  
  19  1:04  Probe (Chrono Boost)  
  19  1:13  Probe (Chrono Boost)  
  20  1:18  Probe  
  21  1:29  Nexus  
  21  1:43  Cybernetics Core  
  21  1:44  Probe  
  22  1:50  Assimilator  
  22  1:55  Pylon  
  22  1:57  Probe  
  23  2:13  Probe (Chrono Boost)  
  24  2:19  Stargate  
  24  2:20  Adept  
  26  2:25  Probe (Chrono Boost)  
  26  2:26  Warp Gate  
  27  2:32  Probe (Chrono Boost)  
  28  2:41  Probe (Chrono Boost)  
  30  2:45  Probe (Chrono Boost)  
  30  2:50  Stalker  
  30  2:51  Probe (Chrono Boost)  
  33  2:54  Probe (Chrono Boost)  
  33  2:56  Probe (Chrono Boost)  
  35  3:01  Oracle (Chrono Boost)  
  35  3:04  Probe  
  39  3:08  Probe, Pylon  
  40  3:16  Probe  
  41  3:20  Probe  
  42  3:28  Probe  
  42  3:32  Probe  
  42  3:33  Oracle  
  48  3:41  Nexus  
  48  3:42  Probe (Chrono Boost)  
  48  3:44  Probe (Chrono Boost)  
  48  3:46  Pylon  
  51  3:56  Probe (Chrono Boost)  
  51  3:58  Probe (Chrono Boost), Gateway  
  51  4:01  Probe (Chrono Boost)  
  52  4:04  Twilight Council, Probe  
  53  4:13  Probe (Chrono Boost)  
  53  4:14  Adept  
  53  4:16  Probe (Chrono Boost)  
  57  4:18  Forge  
  57  4:21  Assimilator  
  58  4:26  Probe (Chrono Boost)  
  58  4:27  Probe (Chrono Boost)  
  58  4:29  Pylon  
  58  4:31  Probe (Chrono Boost)  
  59  4:32  Blink  
  59  4:35  Probe  
  61  4:39  Pylon  
  61  4:43  Probe, Gateway  
  62  4:47  Probe  
  62  4:52  Zealot  
  65  4:53  Zealot  
  65  4:55  Probe (Chrono Boost)  
  65  4:56  Protoss Ground Weapons Level 1 (Chrono Boost), Probe (Chrono Boost)  
  65  4:59  Probe (Chrono Boost)  
  70  5:07  Probe (Chrono Boost)  
  70  5:11  Probe (Chrono Boost), Gateway  
  70  5:12  Gateway  
  70  5:13  Probe (Chrono Boost)  
  72  5:14  Probe (Chrono Boost)  
  72  5:16  Probe (Chrono Boost)  
  72  5:19  Probe  
  75  5:21  Probe  
  75  5:25  Probe  
  77  5:30  Gateway  
  77  5:31  Gateway, Probe  
  77  5:33  Robotics Facility, Probe  
  77  5:34  Stalker x2  
  83  5:38  Probe  
  84  5:49  Probe  
  85  5:51  Probe  
  85  5:56  Probe  
  87  5:58  Assimilator  
  87  6:01  Forge, Probe  
  87  6:02  Stalker x2  
  87  6:03  Nexus  
  92  6:08  Pylon  
  92  6:09  Pylon  
  92  6:16  Probe  
  93  6:22  Gateway x2  
  93  6:23  Pylon  
  93  6:24  Probe x2  
  93  6:25  Observer, Pylon  
  92  6:29  Robotics Bay  
  92  6:32  Shield Battery  
  92  6:35  Probe  
  92  6:36  Probe  
  94  6:41  Protoss Ground Armor Level 1 (Chrono Boost)  
  94  6:44  Probe  
  96  6:47  Probe  
  96  6:53  Zealot x6  
  104  7:01  Probe x2  
  104  7:02  Protoss Ground Weapons Level 2 (Chrono Boost)  
  104  7:05  Charge  
  104  7:08  Probe  
  107  7:12  Gateway  
  107  7:13  Gateway, Probe  
  107  7:15  Templar Archives, Probe x2  
  109  7:19  Assimilator  
  109  7:20  Probe  
  109  7:22  Assimilator  
  111  7:25  Probe  
  112  7:33  Stalker x8  
  128  7:38  Probe  
  128  7:39  Probe  
  128  7:40  Probe  
  129  7:46  Disruptor  
  132  7:51  Assimilator  
  132  7:56  Pylon  
  132  8:00  Pylon  
  126  8:06  Stalker x6  
  126  8:07  Stalker  
  134  8:17  Probe x2, Photon Cannon  
  134  8:19  Photon Cannon  
  136  8:21  Gateway  
  136  8:22  Assimilator  
  136  8:26  High Templar x2  
  140  8:32  Archon, Gateway  
  140  8:34  Protoss Ground Armor Level 2 (Chrono Boost), Zealot x8, Pylon  
  140  8:38  Pylon  
  140  8:41  Pylon  
  148  8:52  Shield Battery  
  140  8:58  High Templar x2  
  140  9:00  Probe x3  
  147  9:02  Archon  
  147  9:03  Zealot x7  
  147  9:04  Zealot x2  
  147  9:07  Pylon  
  147  9:09  Pylon  
  165  9:23  Probe x2  
  154  9:25  Probe  
  154  9:26  Probe  
  154  9:28  Disruptor  
  156  9:33  High Templar x4  
  156  9:35  Probe  
  156  9:37  Archon  
  156  9:38  Archon  
  159  9:39  Protoss Ground Weapons Level 3 (Chrono Boost)  
  159  9:43  Nexus  
  149  9:47  Zealot x8  
  165  10:01  Pylon  
  165  10:04  Immortal  
  169  10:11  Zealot x4, Photon Cannon  
  169  10:12  Photon Cannon  
  169  10:13  Shield Battery  
  174  10:24  High Templar x4  
  174  10:25  Zealot x5  
  192  10:29  Archon  
  192  10:30  Archon  
  173  10:43  Warp Prism (Chrono Boost)  
  173  10:44  High Templar x4  
  173  10:48  Archon x2  
  183  10:52  Pylon  
  183  10:54  Observer  
  183  10:55  Nexus  
  181  10:58  High Templar x2  
  181  10:59  Zealot x5  
  181  11:01  Pylon  
  181  11:03  Archon  
  195  11:04  Pylon  
  195  11:13  Zealot x2  
  190  11:33  Zealot x5  
  188  11:46  Zealot x3  
  188  11:47  Zealot x3  
  198  11:48  Zealot  
  162  11:57  High Templar x6  
  162  11:59  Probe x3  
  175  12:02  Archon x3  
  143  12:09  Zealot x4  
  143  12:10  Zealot x3  
  103  12:30  Stalker x8  
  103  12:31  Stalker x5  
  95  12:47  Probe x3  
  95  12:50  Zealot x3  
  95  12:51  Zealot x2  
  104  12:57  High Templar x4  
  112  12:58  Zealot  
  112  13:02  Archon x2  
  90  13:21  Zealot  
  90  13:22  Zealot x4  
Show
View Real Time Build Order
Export as new Build Order

Lambo Zerg 

Build Orders: Hatch First 

Get SALT Encoding   

  12  0:00  Drone  
  13  0:13  Overlord  
  13  0:19  Drone  
  14  0:31  Drone x2  
  16  0:44  Drone  
  17  0:54  Hatchery  
  17  0:56  Drone  
  17  1:00  Drone  
  18  1:11  Extractor  
  17  1:15  Spawning Pool  
  16  1:20  Drone  
  16  1:21  Drone  
  18  1:30  Drone  
  19  1:40  Drone  
  20  1:51  Overlord  
  20  2:02  Queen  
  20  2:06  Queen, Drone  
  20  2:07  Zergling x2  
  26  2:11  Metabolic Boost  
  26  2:14  Zergling x2  
  27  2:17  Drone  
  28  2:23  Drone  
  28  2:29  Drone  
  30  2:36  Hatchery  
  29  2:39  Drone  
  29  2:41  Drone  
  31  2:47  Overlord  
  31  2:50  Drone  
  32  2:55  Queen  
  34  3:00  Drone  
  34  3:04  Drone  
  34  3:05  Queen  
  38  3:12  Overlord  
  38  3:13  Drone  
  38  3:15  Drone  
  38  3:17  Drone x2  
  38  3:19  Drone  
  43  3:25  Drone  
  44  3:27  Overlord  
  43  3:36  Queen  
  43  3:38  Drone x3  
  48  3:44  Drone x3  
  48  3:48  Drone x2  
  53  3:53  Queen  
  53  3:54  Spore Crawler  
  54  3:58  Zergling x2, Evolution Chamber  
  54  4:02  Zergling x4  
  56  4:04  Overlord  
  56  4:07  Overlord  
  56  4:13  Drone  
  56  4:15  Spore Crawler  
  56  4:16  Overlord  
  56  4:18  Drone x2  
  56  4:23  Drone  
  56  4:24  Drone x3  
  62  4:28  Drone x2  
  63  4:32  Zergling x4  
  65  4:39  Zerg Melee Weapons Level 1  
  65  4:40  Drone x2  
  65  4:41  Baneling Nest  
  66  4:49  Drone  
  66  4:51  Drone, Hatchery  
  66  4:52  Drone  
  68  4:55  Drone x2  
  68  4:56  Drone  
  68  4:59  Drone x2  
  73  5:00  Extractor  
  73  5:04  Drone x3  
  74  5:08  Lair  
  74  5:10  Roach Warren  
  74  5:13  Drone x2  
  75  5:14  Spore Crawler  
  75  5:17  Queen  
  75  5:20  Drone x2  
  78  5:22  Extractor  
  78  5:23  Drone x2, Extractor  
  78  5:26  Zergling x6  
  81  5:31  Overlord  
  81  5:33  Overlord  
  81  5:34  Overlord  
  81  5:36  Overlord  
  81  5:40  Overlord  
  81  5:45  Drone  
  82  5:51  Drone  
  82  5:53  Drone x4  
  82  5:56  Overlord  
  87  5:58  Roach x7  
  87  5:59  Drone  
  87  6:03  Drone x2  
  104  6:15  Zergling x6  
  104  6:17  Drone x4  
  108  6:19  Extractor  
  108  6:20  Spore Crawler  
  108  6:23  Drone x2  
  108  6:24  Roach x5  
  118  6:28  Centrifugal Hooks  
  118  6:31  Drone  
  118  6:32  Zergling x4  
  121  6:35  Zergling x4  
  121  6:39  Zergling x2  
  124  6:41  Zerg Melee Weapons Level 2  
  124  6:42  Glial Reconstitution  
  124  6:44  Zergling x8  
  124  6:46  Drone  
  128  6:47  Spore Crawler  
  128  6:51  Drone x3  
  128  6:53  Zergling x12  
  135  6:57  Baneling x3  
  135  6:58  Drone x2  
  135  6:59  Drone  
  132  7:01  Drone x2  
  132  7:05  Spine Crawler  
  132  7:06  Drone, Overlord  
  134  7:09  Hatchery  
  134  7:11  Overlord  
  133  7:18  Baneling x7  
  133  7:26  Drone x3  
  133  7:28  Drone x3  
  133  7:29  Zergling x8  
  143  7:32  Overlord x2  
  143  7:34  Overlord  
  143  7:40  Overlord  
  143  7:41  Zergling x14  
  146  7:51  Zergling x16  
  154  7:54  Queen x2  
  154  7:57  Hatchery  
  151  7:58  Zergling x2  
  151  7:59  Zergling x4  
  151  8:03  Roach  
  151  8:04  Roach x2  
  152  8:07  Roach x5  
  157  8:13  Queen  
  157  8:17  Zergling x14  
  166  8:21  Baneling x20  
  166  8:22  Ravager x2  
  166  8:25  Zergling x8  
  170  8:27  Zergling x2  
  170  8:33  Baneling x17  
  171  8:37  Zergling x14  
  171  8:38  Overlord  
  171  8:40  Overlord  
  178  8:43  Overlord  
  178  8:45  Zergling x8  
  175  8:54  Zergling x18  
  178  8:56  Overlord  
  178  9:00  Drone x2  
  178  9:01  Infestation Pit  
  175  9:04  Zergling x2, Baneling x7  
  175  9:09  Ravager  
  175  9:10  Zergling x10  
  175  9:15  Zergling x20  
  172  9:24  Zergling x10  
  172  9:29  Drone x3  
  172  9:30  Zerg Missile Weapons Level 1  
  171  9:32  Evolution Chamber  
  171  9:33  Drone x2  
  171  9:35  Drone  
  162  9:40  Drone  
  162  9:41  Drone x3  
  162  9:43  Zergling x22, Spine Crawler  
  162  9:44  Ravager x2  
  162  9:45  Unknown, Ravager x2  
  178  9:50  Zergling x8  
  182  9:53  Ravager  
  182  9:54  Baneling x2  
  182  9:55  Drone x3  
  182  9:59  Spore Crawler, Hive, Spine Crawler  
  183  10:03  Drone  
  183  10:05  Drone x3  
  187  10:13  Zergling x24  
  197  10:27  Zergling x6  
  200  10:30  Spine Crawler  
  190  10:36  Hatchery  
  190  10:37  Zergling x22  
  199  10:44  Baneling x5  
  199  10:50  Spine Crawler  
  199  10:56  Spire  
  197  10:59  Baneling x7  
  197  11:09  Zergling x10  
  197  11:10  Zergling x2  
  199  11:11  Baneling  
  199  11:12  Baneling x3  
  199  11:13  Baneling x11  
  191  11:27  Zergling x36, Roach x3  
  191  11:32  Zergling x4, Roach  
  184  11:34  Roach  
  184  11:35  Roach x3  
  184  11:37  Baneling x18  
  188  11:44  Roach x5  
  188  11:45  Roach x2  
  192  11:50  Zergling x10  
  192  11:53  Roach  
  175  11:59  Baneling x10  
  170  12:02  Roach x5  
  170  12:04  Roach x3  
  170  12:06  Roach x4  
  170  12:07  Queen  
  175  12:09  Roach  
  175  12:12  Zergling x6  
  175  12:15  Zergling x4  
  174  12:16  Zergling x2, Queen  
  174  12:21  Zergling x6  
  175  12:26  Roach x2  
  150  12:30  Roach  
  150  12:33  Roach x2  
  150  12:36  Roach x4  
  135  12:41  Roach x2  
  111  12:48  Roach x4  
  111  12:50  Roach  
  110  12:54  Baneling x2, Ravager  
  110  12:55  Roach x2  
  110  12:57  Roach  
  115  13:00  Roach x2  
  115  13:11  Roach x6  
Tags
 
Add a new tag
Caveats
  • Supply blocks, unpowered buildings, or Contaminate may cause inaccurate times.
  • Supply counts are checked every 10 seconds.